AoeStats
← O grande

Arabia

508237794Analyzed
1v1 RM · 9d ago on Sep 21, 2026· 47m 55s· 2 players
Game mode
Random Map
Map size
Tiny (2 player)
Population
200
Speed
Normal
Resources
Standard
Victory
Conquest
Starting age
Dark Age
Ending age
Imperial Age
RankedLock teamsTeams togetherTeam positionsShared explorationLock speedFull tech treeHidden civsTurbo modeCheats
Victory
Defeat
🇧🇷 Chinese · Brazil
2077
+18
🇮🇹 Chinese · Italy
2122
-18
O grande
0:25 Loom
9:22 Feudal Age
9:52 Double-Bit Axe
12:40 Horse Collar
17:42 Fletching
20:37 Castle Age
19:28 Gold Mining
20:47 Crossbowman
21:51 Bodkin Arrow
22:07 Bow Saw
21:58 Heavy Plow
22:55 Wheelbarrow
23:13 Town Watch
25:48 Stone Mining
25:54 Stone Mining
27:55 Hand Cart
29:04 Padded Archer Armor
32:54 Imperial Age
31:02 Ballistics
31:42 Thumb Ring
32:16 Scale Mail Armor
33:39 Bracer
35:03 Chemistry
33:26 Arbalester
35:11 Chain Mail Armor
35:15 Squires
35:01 Arson
35:30 Forging
38:27 Plate Mail Armor
38:35 Hand Cart
38:21 Town Patrol
38:45 Elite Fire Lancer
40:38 Iron Casting
44:35 Blast Furnace
43:41 Scale Barding Armor
43:53 Leather Archer Armor
46:57 Light Cavalry
47:37 Husbandry
47:53 Bloodlines
48:22 Chain Barding Armor
49:33 Two-Man Saw
49:09 Gold Shaft Mining
Old Boris
0:37 Loom
9:18 Feudal Age
10:20 Horse Collar
10:52 Double-Bit Axe
19:48 Castle Age
17:56 Gold Mining
18:38 Scale Barding Armor
19:40 Bloodlines
20:00 Light Cavalry
22:46 Bow Saw
23:53 Chain Barding Armor
24:50 Wheelbarrow
24:37 Husbandry
26:05 Forging
27:29 Hand Cart
32:54 Imperial Age
31:40 Stone Mining
32:04 Heavy Plow
34:18 Plate Barding Armor
34:21 Scale Mail Armor
35:00 Iron Casting
35:40 Chemistry
34:20 Elite Fire Lancer
35:00 Squires
36:25 Chain Mail Armor
38:11 Conscription
38:29 Plate Mail Armor
39:17 Blast Furnace
37:46 Heavy Rocket Cart
38:52 Masonry
39:32 Gold Shaft Mining
38:53 Fletching
39:49 Ballistics
40:48 Stone Shaft Mining
42:30 Bodkin Arrow
44:52 Capped Ram
45:38 Bracer
46:39 Elite Skirmisher
48:00 Padded Archer Armor
Connection lost

Rejoining the realm…

Still unreachable

The connection could not be restored.

Session expired

The server has moved on; the page needs a fresh start.